 Dungeon Crawl Stone Soup version 0.23.1-42-g8abd8fc (webtiles) character file.

Game seed: 3114795957843987370

13475 Borgoz the Slicer (level 12, -1/73 HPs)
             Began as a Gargoyle Fighter on Mar 30, 2019.
             Was a Believer of Ashenzari.
             Slain by a cyan ugly thing (5 damage)
             ... on level 12 of the Dungeon.
             The game lasted 00:30:47 (12110 turns).

Borgoz the Slicer (Gargoyle Fighter)               Turns: 12110, Time: 00:30:48

Health: -1/73      AC: 22    Str: 19    XL:     12   Next: 6%
Magic:  13/13      EV: 12    Int: 11    God:    Ashenzari [**....]
Gold:   556        SH: 11    Dex: 13    Spells: 11/11 levels left

rFire    + . .     SeeInvis .   e - +4 rapier
rCold    . . .     Gourm    .   c - +0 shield
rNeg     + . .     Faith    .   b - +1 scale mail
rPois    ∞         Spirit   .   (no helmet)
rElec    +         Reflect  .   (no cloak)
rCorr    .         Harm     .   y - +0 pair of gloves
MR       .....                  A - +2 pair of boots
Stlth    ++........             (no amulet)
HPRegen  0.22/turn              s - ring of protection from fire
MPRegen  0.13/turn              (no ring)

@: invisible
A: negative energy resistance 1, electricity resistance, unbreathing,
petrification resistance, rot immunity, AC +8
a: Curse Item, Scrying, Renounce Religion


You were on level 12 of the Dungeon.
You worshipped Ashenzari.
Ashenzari was pleased with you.
You were not hungry.

You visited 2 branches of the dungeon, and saw 13 of its levels.
You also visited: Sewer.

You collected 556 gold pieces.

Inventory:

Hand Weapons
 a - a +0 rapier
 e - a +4 rapier (weapon)
 m - a +1 short sword of freezing
 B - a +2 dagger of draining
 E - a +1 short sword of distortion
Missiles
 q - 13 tomahawks (quivered)
Armour
 b - a +1 scale mail (worn)
 c - a +0 shield (worn)
 k - the +0 robe of the Imp {+Blink rCorr Slay+3}
   (You found it on level 6 of the Dungeon)

   It affects your accuracy and damage with ranged weapons and melee attacks
   (+3).
   It lets you blink.
   It provides partial protection from all sources of acid and corrosion.
 y - a +0 pair of gloves (worn)
 A - a +2 pair of boots (worn)
 F - the +3 hat of Pondering {ponderous, MR+ MP+10 Int+5}
   (You took it off Gastronok on level 11 of the Dungeon)

   It affects your intelligence (+5).
   It affects your resistance to hostile enchantments.
   It affects your magic capacity (+10).
 O - a +0 troll leather armour
 Q - a +1 chain mail of cold resistance
Jewellery
 o - an uncursed ring of ice
 s - a ring of protection from fire (left hand)
 H - a cursed +5 ring of intelligence
 J - an uncursed amulet of magic regeneration
 R - an uncursed amulet of magic regeneration
Wands
 d - a wand of iceblast (4)
 u - a wand of random effects (9)
 w - a wand of disintegration (33)
 x - a wand of flame (16)
 K - a wand of digging (8)
 M - a wand of clouds (4)
Scrolls
 h - a scroll of blinking
 i - 4 scrolls of remove curse
 p - 5 scrolls of immolation {unknown}
 r - 2 scrolls of teleportation
 t - a scroll of acquirement {unknown}
 v - a scroll of identify
 C - a scroll of fog
 D - 3 scrolls of enchant weapon {unknown}
 G - a scroll of vulnerability {unknown}
 P - a scroll of enchant armour
 S - a scroll of amnesia {unknown}
Potions
 g - a potion of brilliance
 j - a potion of agility
 l - a potion of flight
 n - a potion of invisibility
 z - 2 potions of magic
 I - a potion of cancellation {unknown}
 L - 2 potions of lignification {unknown}
Comestibles
 f - 17 rations


   Skills:
 + Level 8.1 Fighting
 * Level 9.1 Short Blades
 + Level 8.1 Armour
 * Level 8.0 Dodging
 + Level 7.4 Stealth
 + Level 8.0 Shields
 + Level 2.4 Evocations


You had 11 spell levels left.
You didn't know any spells.
Your spell library contained the following spells:

 Spells                   Type           Power        Failure   Level  Hunger
 Corona                   Hex            #......      92%         1    ##.....
 Sandblast                Erth           #.....       92%         1    ##.....
 Passwall                 Tmut/Erth      #.......     98%         2    ###....
 Slow                     Hex            #.......     98%         2    ###....
 Inner Flame              Hex/Fire       #.......     100%        3    ####...
 Portal Projectile        Hex/Tloc       #.....       100%        3    ####...
 Stone Arrow              Conj/Erth      #.....       100%        3    ####...
 Cause Fear               Hex            #.........   100%        4    #####..
 Leda's Liquefaction      Hex/Erth       #.........   100%        4    #####..
 Petrify                  Tmut/Erth      #.......     100%        4    #####..
 Lee's Rapid Deconstruct  Erth           #.........   100%        5    ######.


Dungeon Overview and Level Annotations

Branches:
Dungeon (12/15)            Temple (1/1) D:5            Lair (0/6) D:11
    Orc (0/2) D:10

Altars:
Ashenzari
Cheibriados
Dithmenos
Elyvilon
Fedhas
Gozag
Hepliaklqana
Kikubaaqudgha
Makhleb
Nemelex Xobeh
Okawaru
Qazlal
Ru
Sif Muna
Trog
Uskayaw
Vehumet
Wu Jian
Xom
Yredelemnul
Zin
The Shining One

Shops:
D:11 }


Innate Abilities, Weirdness & Mutations

You are resistant to torment.
Your stone body is resilient. (AC +8)
You are immune to poison.
You resist negative energy. (rN+)
You are resistant to electric shocks. (rElec)
You can survive without breathing.
You are immune to petrification.
You are immune to rotting.


Message History

The cyan ugly thing is almost dead.
You block the cyan ugly thing's attack.
You hit the cyan ugly thing but do no damage.
The cyan ugly thing is almost dead.
The cyan ugly thing engulfs you but does no damage.
You hit the cyan ugly thing but do no damage.
The cyan ugly thing is almost dead.
The cyan ugly thing engulfs you! The cyan ugly thing shocks you. You resist.
* * * LOW HITPOINT WARNING * * *
You closely miss the cyan ugly thing.
The cyan ugly thing is almost dead.
The cyan ugly thing engulfs you!
* * * LOW HITPOINT WARNING * * *
The cyan ugly thing shocks you. You resist.
* * * LOW HITPOINT WARNING * * *
You fade into invisibility!
The cyan ugly thing engulfs you.
* * * LOW HITPOINT WARNING * * *
The cyan ugly thing shocks you. You resist.
You die...

#.#* #.. #.# * *
#.# #a# #{# #u#
#@# #†# #.# #.#
#.################
#....>............
#.################
#.# #.#


You could see a cyan ugly thing and a worker ant.

Vanquished Creatures
  Gastronok (D:11)
  A two-headed ogre (D:10)
  Sonja (D:10)
  Joseph (D:10)
  A polar bear (D:9)
  2 trolls
  A meliai zombie (D:11)
  A hippogriff (D:9)
  A wyvern (D:8)
  A wraith (D:11)
  2 yaks
  2 hungry ghosts
  Menkaure (D:7)
  A soldier ant (D:11)
  2 porcupines (D:11)
  4 orc warriors
  6 sky beasts
  4 black bears
  3 ice beasts
  2 necrophages
  4 phantoms
  3 ogres
  3 wolves (D:9)
  15 centaurs
  2 crocodiles (D:11)
  A big kobold (D:6)
  16 bullfrogs
  Blork the orc (D:5)
  2 troll zombies (D:10)
  A water moccasin skeleton (D:7)
  2 scorpions
  11 killer bees (D:8)
  A howler monkey (D:10)
  7 crimson imps
  6 hounds
  3 jellies
  A bullfrog zombie (D:8)
  2 orc priests
  3 centaur skeletons
  7 orc wizards
  2 iguanas
  5 worker ants
  A killer bee zombie (D:7)
  6 ogre zombies (D:10)
  2 centaur simulacra (D:9)
  A hound zombie (D:5)
  2 hound skeletons
  5 worker ant zombies
  12 adders
  7 gnolls
  A howler monkey skeleton (D:9)
  3 shadow imps
  2 white imps (D:9)
  7 oozes
  An adder zombie (D:6)
  3 adder skeletons
  4 worms
  An adder simulacrum (D:9)
  5 dart slugs
  17 leopard geckos
  28 orcs
  8 ball pythons
  4 bats
  15 giant cockroaches
  7 goblins
  7 hobgoblins
  7 jackals
  9 quokkas
  14 frilled lizards
  4 goblin zombies (D:10)
  6 hobgoblin zombies (D:10)
  6 kobolds
  3 orc skeletons (D:10)
  12 orc zombies (D:10)
  5 rats
  2 fungi (D:11)
  4 plants (D:11)
357 creatures vanquished.

Vanquished Creatures (others)
  23 fungi (D:11)
  7 plants (D:11)
30 creatures vanquished.

Grand Total: 387 creatures vanquished

Notes
Turn   | Place    | Note
-------+----------+-------------------------------------------
     0 | D:1      | Borgoz the Gargoyle Fighter began the quest for the Orb.
     0 | D:1      | Reached XP level 1. HP: 14/14 MP: 1/1
    44 | D:1      | Reached skill level 2 in Short Blades
    44 | D:1      | Reached XP level 2. HP: 18/19 MP: 2/2
   520 | D:2      | Reached XP level 3. HP: 4/23 MP: 3/3
  1022 | D:2      | Reached skill level 1 in Dodging
  1369 | D:3      | Reached XP level 4. HP: 29/29 MP: 4/4
  1425 | D:3      | Found a glowing drain.
  1451 | Sewer    | Entered a sewer
  1520 | Sewer    | Noticed a bullfrog
  1520 | Sewer    | Noticed a bullfrog
  1531 | Sewer    | Killed a bullfrog
  1531 | Sewer    | Reached skill level 3 in Short Blades
  1531 | Sewer    | Reached XP level 5. HP: 13/33 MP: 5/5
  1549 | Sewer    | Reached XP level 6. HP: 32/38 MP: 6/6
  2604 | D:4      | Found a snail-covered altar of Cheibriados.
  2785 | D:4      | Reached skill level 1 in Stealth
  2785 | D:4      | Reached XP level 7. HP: 42/44 MP: 7/7
  2889 | D:4      | Reached skill level 4 in Short Blades
  3607 | D:5      | Entered Level 5 of the Dungeon
  3794 | D:5      | Reached XP level 8. HP: 19/48 MP: 8/8
  4124 | D:5      | Noticed Blork the orc
  4127 | D:5      | Reached skill level 5 in Armour
  4135 | D:5      | Killed Blork the orc
  4189 | D:5      | Found a staircase to the Ecumenical Temple.
  4256 | Temple   | Entered the Ecumenical Temple
  4419 | Temple   | Became a worshipper of Ashenzari the Shackled
  4550 | D:4      | Reached skill level 5 in Fighting
  5060 | D:6      | Reached skill level 5 in Short Blades
  5060 | D:6      | Reached skill level 5 in Shields
  5135 | D:6      | Got the uncursed robe of the Imp {+Blink rCorr Slay+3}
  5494 | D:6      | Found a radiant altar of Vehumet.
  5628 | D:6      | Reached XP level 9. HP: 52/54 MP: 9/9
  5818 | D:6      | Reached * piety under Ashenzari
  6223 | D:7      | Reached skill level 6 in Short Blades
  6271 | D:7      | Noticed Menkaure
  6274 | D:7      | Found a shimmering altar of Xom.
  6277 | D:7      | Killed Menkaure
  6277 | D:7      | Reached skill level 5 in Dodging
  7506 | D:8      | Reached XP level 10. HP: 52/60 MP: 10/10
  7564 | D:8      | Reached skill level 5 in Stealth
  7899 | D:8      | Reached skill level 7 in Short Blades
  8476 | D:9      | Found a white marble altar of Elyvilon.
  9346 | D:10     | Entered Level 10 of the Dungeon
  9371 | D:10     | Noticed Joseph
  9376 | D:10     | Killed Joseph
  9390 | D:10     | Noticed a two-headed ogre
  9401 | D:10     | Killed a two-headed ogre
  9401 | D:10     | Reached skill level 8 in Short Blades
  9401 | D:10     | Reached XP level 11. HP: 29/67 MP: 11/11
  9852 | D:10     | Found a staircase to the Orcish Mines.
 10036 | D:10     | Reached ** piety under Ashenzari
 10049 | D:10     | Noticed Sonja
 10195 | D:10     | Killed Sonja
 10528 | D:11     | Reached skill level 1 in Evocations
 10898 | D:11     | Found Ary Idubli's Gadget Boutique.
 11171 | D:11     | Found a staircase to the Lair.
 11183 | D:11     | Noticed Gastronok
 11213 | D:11     | Killed Gastronok
 11213 | D:11     | Reached skill level 9 in Short Blades
 11213 | D:11     | Reached XP level 12. HP: 36/73 MP: 13/13
 11377 | D:11     | HP: 2/73 [white ugly thing (28)]
 12110 | D:12     | Slain by a cyan ugly thing

Skill      XL: |  1  2  3  4  5  6  7  8  9 10 11 |
---------------+----------------------------------+-----
Short Blades   | 2 3 4 5 6 8 9 |  9.1
Dodging        | 1 2 3 4 5 6 8 |  8.0
Fighting       | 4 5 6 7 8 |  8.1
Armour         | 4 5 6 7 8 |  8.1
Shields        | 4 5 6 7 8 |  8.0
Stealth        | 1 2 3 4 6 7 |  7.4
Evocations     | 2 |  2.4

Action                   |  1- 3 |  4- 6 |  7- 9 | 10-12 || total
-------------------------+-------+-------+-------+-------++-------
Melee: Rapier            |   144 |   268 |   535 |   855 ||  1802
Evoke: Wand              |       |       |       |     5 ||     5
  Use: Scroll            |     2 |     7 |     6 |     5 ||    20
       Potion            |       |     3 |     4 |     8 ||    15
 Stab: Sleeping          |       |       |       |     3 ||     3
       Distracted        |       |       |       |     2 ||     2
  Eat: Chunk             |     2 |     5 |    14 |    17 ||    38
       Ration            |       |       |     2 |     1 ||     3
Armor: Scale mail        |    66 |   214 |   245 |   347 ||   872
Dodge: Dodged            |    51 |   118 |   217 |   355 ||   741
Block: Shield            |    80 |   204 |   289 |   432 ||  1005
